 Dungeon Crawl Stone Soup version 0.32-a0-391-gce5c0aa (webtiles) character file.

Game seed: 1116265834917141287

72 marwff the Grave Robber (level 4, -3/24 HPs)
             Began as a Deep Elf Necromancer on Feb 19, 2024.
             Slain by an orc priest
             ... wielding a +0 flail
              (10 damage)
             ... on level 2 of the Dungeon.
             The game lasted 00:07:21 (1232 turns).

marwff the Grave Robber (Deep Elf Necromancer)      Turns: 1232, Time: 00:07:22

Health: -3/24      AC:  2    Str:  5    XL:     4   Next: 6%
Magic:  0/10       EV: 12    Int: 22    God:
Gold:   80         SH:  0    Dex: 15    Spells: 4/9 levels left

rFire   . . .        n - +2 dagger (vamp)
rCold   . . .        (no shield)
rNeg    . . .        a - +0 robe
rPois   .            (no helmet)
rElec   .            (no cloak)
rCorr   .            (no gloves)
SInv    .            (no boots)
Will    .....        (no amulet)
Stlth   ++           (no ring)
HPRegen 0.24/turn    (no ring)
MPRegen 0.12/turn

%: no passive effects
@: animating dead
A: no striking features
a: Convert to Beogh


You were on level 2 of the Dungeon.
You visited 1 branch of the dungeon, and saw 2 of its levels.

You collected 80 gold pieces.

Inventory:

Hand Weapons
 m - a +4 whip of draining
 n - a +2 vampiric dagger (weapon)
Armour
 a - a +0 robe (worn)
Magical Staves
 g - a staff of earth
Scrolls
 c - a scroll of revelation {unknown}
 e - a scroll of brand weapon {unknown}
 h - a scroll of teleportation {unknown}
 j - a scroll of enchant armour {unknown}
 l - a scroll of identify {unknown}
Potions
 b - a potion of magic
 d - a potion of heal wounds {unknown}
 f - 2 potions of enlightenment {unknown}
 i - a potion of brilliance {unknown}
 k - a potion of berserk rage {unknown}


   Skills:
 - Level 2.6 Dodging
 - Level 2.7 Stealth
 - Level 3.2 Spellcasting
 + Level 6.4 Necromancy


You had 4 spell levels left.
You knew the following spells:

 Your Spells              Type           Power      Damage    Failure   Level
a - Necrotise             Necr           100%       1d9       1%          1
b - Animate Dead          Necr           32%        N/A       9%          4

Your spell library contained the following spells:

 Spells                   Type           Power      Damage    Failure   Level
 Vampiric Draining        Necr           32%        2d8       2%          3
 Curse of Agony           Necr           32%        N/A       24%         5


Dungeon Overview and Level Annotations

Branches:
Dungeon (2/15)

Altars:


Message History

Your orc wizard skeleton misses the orc priest.
Casting: Necrotise (safe; 1% risk of failure)
Confirm with . or Enter, or press ? or * to list all spells.
You call upon the dead to rise.
* * * LOW MAGIC WARNING * * *
The orc priest hits you with a +0 flail.
* * * LOW HITPOINT WARNING * * *
Your orc wizard skeleton hits the orc priest but does no damage.
The orc priest shouts, "Beogh offers mercy even to people such as you.
Join us and be reborn!" (press Y on the ability menu to convert to Beogh)
You hit the orc priest.
You feel better.
The orc priest is lightly wounded.
Your orc wizard skeleton crumbles into dust!
The orc priest hits you with a +0 flail.
* * * LOW HITPOINT WARNING * * *
You completely miss the orc priest.
The orc priest is lightly wounded.
The orc priest invokes the aid of Beogh against you.
Pain shoots through your body!
* * * LOW HITPOINT WARNING * * *
Casting: Animate Dead (extremely dangerous; 9% risk of failure)
Confirm with . or Enter, or press ? or * to list all spells.
Aiming: Necrotise (safe; 1% risk of failure)
Press: ? - help, Shift-Dir - straight line, f/p - orc priest
Aim: an orc priest, wielding a +0 flail and wearing a +0 scale mail (lightly wounded, chance to affect: 83%)
The orc priest writhes in agony!
* * * LOW MAGIC WARNING * * *
The orc priest hits you with a +0 flail.
* * * LOW HITPOINT WARNING * * *
Casting: Necrotise (safe; 1% risk of failure)
Confirm with . or Enter, or press ? or * to list all spells.
You don't have enough magic to cast this spell.
You hit the orc priest but do no damage.
The orc priest is severely wounded.
The orc priest hits you with a +0 flail.
* * * LOW HITPOINT WARNING * * *
You hit the orc priest.
The orc priest is severely wounded.
The orc priest hits you with a +0 flail!
You die...

##### ...####
#.###########.....#
#.......[...).....###.#
#..###.....#..........
#..#
#.###.#......######
#..# #.#
#.#..[......... #..#
#.# #.####.######.#
#..# #.# #....@........
###..###.#
######o######.
.........# #.#
#...###### #.# #...####
#.# .......# #.#
)......# #.# .......#
.# ....####


You could see an orc priest.

Vanquished Creatures
  An orc wizard (D:2)
  A ribbon worm (D:1)
  An orc (D:2)
  4 ball pythons
  An endoplasm (D:1)
  A giant cockroach (D:1)
  2 goblins
  A hobgoblin (D:1)
  4 bats (D:1)
  4 kobolds
  4 rats
24 creatures vanquished.

Vanquished Creatures (collateral kills)
  A hobgoblin (D:1)
  A kobold (D:1)
2 creatures vanquished.

Grand Total: 26 creatures vanquished

Notes
Turn   | Place    | Note
-------+----------+-------------------------------------------
     0 | D:1      | marwff the Deep Elf Necromancer began the quest for the
                  | Orb.
     0 | D:1      | Reached XP level 1. HP: 10/10 MP: 6/6
   243 | D:1      | Reached XP level 2. HP: 15/15 MP: 6/8
   308 | D:1      | Reached skill level 5 in Necromancy
   576 | D:1      | Reached XP level 3. HP: 19/19 MP: 6/9
   633 | D:1      | Found a faded altar of an unknown god.
   969 | D:1      | HP: 1/19 [ribbon worm (5)]
  1194 | D:2      | Reached skill level 6 in Necromancy
  1206 | D:2      | Reached XP level 4. HP: 24/24 MP: 3/10
  1214 | D:2      | Learned a level 4 spell: Animate Dead
  1232 | D:2      | Slain by an orc priest

Illustrated notes

Levels and vault maps discovered:
D:1:      enne_arrival_octagon_isle, layout_loops_ring,
          chequers_ecumenical_altar_lobes
D:2:      layout_loops_ring

Skill      XL: |  1  2  3 |
---------------+----------+-----
Necromancy     | 5 6 |  6.4
Dodging        | |  2.6
Stealth        | |  2.7
Spellcasting   | |  3.2

Action                     |  1- 3 |  4- 6 || total
---------------------------+-------+-------++-------
  Melee: Staff             |     3 |       ||     3
         Dagger            |       |     4 ||     4
   Cast: Necrotise         |    44 |     2 ||    46
         Animate Dead      |       |     1 ||     1
 Armour: Robe              |     7 |     6 ||    13
  Dodge: Dodged            |     3 |     1 ||     4

Table legend: (Time is in decaauts)
 A = Elapsed time spent in this place.
 B = Non-inter-level travel time spent in this place.
 C = Inter-level travel time spent in this place.
 D = Time resting spent in this place.
 E = Time spent auto-exploring this place.
 F = Levels seen in this place.
 G = Mean time per level.
                   A        B        C        D        E       F      G
               +--------+--------+--------+--------+--------+-----+--------+
         Total |   1231 |   1157 |     74 |    145 |    832 |   2 |  615.5 |
       Dungeon |   1231 |   1157 |     74 |    145 |    832 |   2 |  615.5 |
               +--------+--------+--------+--------+--------+-----+--------+

Top non-repeatable levels by time:
     D:1: 1071 daAuts
     D:2: 159 daAuts
